SAAA
ALLOWAY HALBERDS @ PORT ROYAL DISASTER
09/05/2030
 
TOP OF THE 1ST
Alloway Halberds batting - Pitching for Port Royal Disaster : RHP Esteban García
Pitching: RHP Esteban García
Batting: LHB Jesús Trevino 0-0: Ball
1-0: Ball
2-0: Ball
3-0: Called Strike
3-1: Foul Ball, location: 2F
3-2: Foul Ball, location: 2F
3-2: Foul Ball, location: 2F
3-2: Base on Balls
Batting: RHB Octávio Beltzán 0-0: Called Strike
0-1: Ball
1-1: DOUBLE (Line Drive, 78M)
Jesús Trevino to third
Batting: RHB Jerry Yates 0-0: Ball
1-0: Ball
2-0: Ball
3-0: Base on Balls
Batting: RHB Lúcio López 0-0: Ball
1-0: Ball
2-0: Ball
3-0: Called Strike
3-1: SINGLE (Line Drive, 89S)
Jesús Trevino scores
Octávio Beltzán to third
Jerry Yates to second
Batting: RHB Carlos De Jesús 0-0: Ball
1-0: Called Strike
1-1: Swinging Strike
1-2: Ball
2-2: Ball
3-2: Foul Ball, location: 2F
3-2: Fly out, F9 (Flyball, 89XD)
Runner from 3rd tags up, SCORES, no throw
Jerry Yates to third
Batting: RHB Vito Middendorf 0-0: Ball
1-0: Foul Ball, location: 2F
1-1: 3-RUN HOME RUN (Line Drive, 7LD), Distance : 343 ft
Batting: RHB Jordan Hollins 0-0: Ball
1-0: Ball
2-0: Ball
3-0: Called Strike
3-1: Called Strike
3-2: Ground out 4-3 (Groundball, 4)
Batting: RHB Juan Salinas 0-0: Ground out 4-3 (Groundball, 4)
Top of the 1st over - 5 runs, 3 hits, 0 errors, 0 left on base; Alloway 5 - Port Royal 0
BOTTOM OF THE 1ST
Port Royal Disaster batting - Pitching for Alloway Halberds : LHP Gilberto Ramírez
Pitching: LHP Gilberto Ramírez
Batting: RHB Loren Stallings 0-0: Ball
1-0: Ball
2-0: Ball
3-0: Called Strike
3-1: Ground out U3 (Groundball, 2R)
Batting: RHB Wrangler Haresnape 0-0: Ball
1-0: Fly out, F7 (Flyball, 78D)
Batting: RHB Sancho Tornero 0-0: Ball
1-0: Swinging Strike
1-1: SINGLE (Line Drive, 9LS)
Batting: LHB Ricky Payton 0-0: Ball
1-0: Fly out, F5 (Popup, 15S)
Bottom of the 1st over - 0 runs, 1 hit, 0 errors, 1 left on base; Alloway 5 - Port Royal 0
TOP OF THE 2ND
Alloway Halberds batting - Pitching for Port Royal Disaster : RHP Esteban García
Batting: SHB Jack MacAsgill 0-0: Ball
1-0: Swinging Strike
1-1: Foul Ball, location: 2F
1-2: Foul Ball, location: 2F
1-2: Strikes out swinging
Batting: LHB Jesús Trevino 0-0: Ball
1-0: Ball
2-0: Ball
3-0: Base on Balls
Batting: RHB Octávio Beltzán 0-0: Foul Ball, location: 2F
0-1: Ball
1-1: SINGLE (Line Drive, 56D)
Jesús Trevino to second
Batting: RHB Jerry Yates 0-0: Ball
1-0: Ball
2-0: Ball
3-0: Called Strike
3-1: Called Strike
3-2: Base on Balls
Jesús Trevino to third
Octávio Beltzán to second
Pitching: RHP Alfredo Hernández
Batting: RHB Lúcio López 0-0: Ball
1-0: Ball
2-0: Fielders Choice at 3rd, U5 (Groundball, 5L)
Jesús Trevino scores
Jerry Yates to second
Batting: RHB Carlos De Jesús 0-0: Ball
1-0: SINGLE (Flyball, 8LS)
Jerry Yates to third
Lúcio López to second
Runner from 3rd tries for Home, SAFE, no throw
Batting: RHB Vito Middendorf 0-0: Ball
1-0: Foul Ball, location: 2F
1-1: Swinging Strike
1-2: Fly out, F7 (Flyball, 7D)
Top of the 2nd over - 2 runs, 2 hits, 0 errors, 2 left on base; Alloway 7 - Port Royal 0
BOTTOM OF THE 2ND
Port Royal Disaster batting - Pitching for Alloway Halberds : LHP Gilberto Ramírez
Batting: LHB Bob Daugherty 0-0: SINGLE (Groundball, 4S) (infield hit)
Batting: RHB Javier Martínez 0-0: Called Strike
0-1: Swinging Strike
0-2: Foul Ball, location: 2F
0-2: Strikes out looking
Batting: LHB Sisto Pagnamenta 0-0: Called Strike
0-1: Ball
1-1: Called Strike
1-2: Strikes out swinging
Batting: RHB Winston Sparks 0-0: Ball
1-0: Ball
2-0: Called Strike
2-1: Fly out, F7 (Flyball, 7LD)
Bottom of the 2nd over - 0 runs, 1 hit, 0 errors, 1 left on base; Alloway 7 - Port Royal 0
TOP OF THE 3RD
Alloway Halberds batting - Pitching for Port Royal Disaster : RHP Alfredo Hernández
Batting: RHB Jordan Hollins 0-0: Ground out 4-3 (Groundball, 34)
Batting: RHB Juan Salinas 0-0: Hit by Pitch
Batting: SHB Jack MacAsgill 0-0: Called Strike
Juan Salinas is caught stealing 2nd base
0-1: Ball
1-1: Ground out 4-3 (Groundball, 4M)
Top of the 3rd over - 0 runs, 0 hits, 0 errors, 0 left on base; Alloway 7 - Port Royal 0
BOTTOM OF THE 3RD
Port Royal Disaster batting - Pitching for Alloway Halberds : LHP Gilberto Ramírez
Batting: RHB Nelson Abbey 0-0: Ground out 5-3 (Groundball, 56)
Batting: RHB Loren Stallings 0-0: Foul Ball, location: 2F
0-1: Ball
1-1: Ball
2-1: Swinging Strike
2-2: Ball
3-2: Base on Balls
Batting: RHB Wrangler Haresnape 0-0: Called Strike
0-1: Ball
1-1: Ball
2-1: Ball
3-1: TRIPLE (Line Drive, 78XD)
Loren Stallings scores
Batting: RHB Sancho Tornero 0-0: Ball
1-0: Ball
2-0: Fly out, F8 (Line Drive, 8LXD)
Runner from 3rd tags up, SCORES, no throw
Batting: LHB Ricky Payton 0-0: Called Strike
0-1: Ball
1-1: Swinging Strike
1-2: Ball
2-2: Fly out, F7 (Flyball, 78D)
Bottom of the 3rd over - 2 runs, 1 hit, 0 errors, 0 left on base; Alloway 7 - Port Royal 2
TOP OF THE 4TH
Alloway Halberds batting - Pitching for Port Royal Disaster : RHP Alfredo Hernández
Batting: LHB Jesús Trevino 0-0: Called Strike
0-1: Foul Ball, location: 2F
0-2: Foul Ball, location: 2F
0-2: Ball
1-2: SINGLE (Flyball, 5D)
Batting: RHB Octávio Beltzán 0-0: Fly out, F5 (Line Drive, 5)
Batting: RHB Jerry Yates 0-0: Ball
1-0: Ball
2-0: Fly out, F4 (Line Drive, 4)
Batting: RHB Lúcio López 0-0: Ball
1-0: Ball
Passed Ball!
Jesús Trevino to second
2-0: Foul Ball, location: 2F
2-1: Ball
3-1: Base on Balls
Batting: RHB Carlos De Jesús 0-0: Foul Ball, location: 2F
0-1: Ball
1-1: Ball
2-1: Foul Ball, location: 2F
2-2: Ball
3-2: Foul Ball, location: 2F
3-2: Base on Balls
Jesús Trevino to third
Lúcio López to second
Batting: RHB Vito Middendorf 0-0: Fly out, F4 (Line Drive, 4)
Top of the 4th over - 0 runs, 1 hit, 0 errors, 3 left on base; Alloway 7 - Port Royal 2
BOTTOM OF THE 4TH
Port Royal Disaster batting - Pitching for Alloway Halberds : LHP Gilberto Ramírez
Batting: LHB Bob Daugherty 0-0: Ball
1-0: Reached on error, E5 (Groundball, 56)
Batting: RHB Javier Martínez 0-0: Called Strike
0-1: Swinging Strike
0-2: Foul Ball, location: 2F
0-2: Ball
1-2: Strikes out swinging
Bob Daugherty is caught stealing 2nd base
Batter strikes out.
Batting: LHB Sisto Pagnamenta 0-0: Ball
1-0: Ball
2-0: Ball
3-0: Called Strike
3-1: Foul Ball, location: 2F
3-2: Foul Ball, location: 2F
3-2: Fly out, F5 (Popup, 56S)
Bottom of the 4th over - 0 runs, 0 hits, 1 error, 0 left on base; Alloway 7 - Port Royal 2
TOP OF THE 5TH
Alloway Halberds batting - Pitching for Port Royal Disaster : RHP Alfredo Hernández
Batting: RHB Jordan Hollins 0-0: Ball
1-0: Ball
2-0: Foul Ball, location: 2F
2-1: Ground out 4-3 (Groundball, 4M)
Batting: RHB Juan Salinas 0-0: Ball
1-0: Reached on error, E6 (Groundball, 6)
Batting: SHB Jack MacAsgill 0-0: Foul Ball, location: 2F
0-1: Ball
1-1: Foul Ball, location: 2F
1-2: Ball
2-2: SINGLE (Groundball, 34S) (infield hit)
Juan Salinas to second
Batting: LHB Jesús Trevino 0-0: Called Strike
0-1: Called Strike
0-2: Ball
1-2: Strikes out swinging
Batting: RHB Octávio Beltzán 0-0: Ball
1-0: SINGLE (Groundball, 6D)
Juan Salinas to third
Jack MacAsgill to second
Runner from 3rd tries for Home, SAFE, no throw
Batting: RHB Jerry Yates 0-0: Ball
1-0: SINGLE (Line Drive, 6MD)
Jack MacAsgill to third
Octávio Beltzán to second
Runner from 3rd tries for Home, SAFE, throw made home
Batting: RHB Lúcio López 0-0: Ball
1-0: Ball
2-0: Ball
3-0: Called Strike
3-1: Called Strike
3-2: SINGLE (Flyball, 7S)
Octávio Beltzán to third
Jerry Yates to second
Octávio Beltzán scores
Jerry Yates to third
Batting: RHB Carlos De Jesús 0-0: Called Strike
0-1: Ball
1-1: Ball
2-1: Foul Ball, location: 2F
2-2: Foul Ball, location: 2F
2-2: Foul Ball, location: 2F
2-2: Foul Ball, location: 2F
2-2: Fly out, F7 (Flyball, 7)
Top of the 5th over - 3 runs, 4 hits, 1 error, 2 left on base; Alloway 10 - Port Royal 2
BOTTOM OF THE 5TH
Port Royal Disaster batting - Pitching for Alloway Halberds : LHP Gilberto Ramírez
Batting: RHB Winston Sparks 0-0: Ball
1-0: Ball
2-0: Ball
3-0: Called Strike
3-1: Base on Balls
Batting: RHB Nelson Abbey 0-0: Called Strike
0-1: Foul Ball, location: 2F
0-2: Ball
1-2: Ball
2-2: Foul Ball, location: 2F
2-2: Ball
3-2: DOUBLE (Flyball, 89D)
Winston Sparks to third
Batting: RHB Loren Stallings 0-0: Called Strike
0-1: Ball
1-1: Ball
2-1: SINGLE (Line Drive, 7S)
Winston Sparks scores
Nelson Abbey to third
Batting: RHB Wrangler Haresnape 0-0: Called Strike
0-1: Fielders Choice at 2nd, 6-4 (Groundball, 6D)
Nelson Abbey scores
Batting: RHB Sancho Tornero 0-0: SINGLE (Groundball, 6MD)
Wrangler Haresnape to second
Batting: LHB Ricky Payton 0-0: Foul Ball, location: 2F
0-1: Fly out, F9 (Flyball, 9S)
Batting: LHB Bob Daugherty 0-0: Ball
1-0: Fly out, F7 (Flyball, 7S)
Bottom of the 5th over - 2 runs, 3 hits, 0 errors, 2 left on base; Alloway 10 - Port Royal 4
TOP OF THE 6TH
Alloway Halberds batting - Pitching for Port Royal Disaster : RHP Alfredo Hernández
Pitching: RHP Nam Yee Yong
Batting: RHB Vito Middendorf 0-0: Ball
1-0: Ball
2-0: Called Strike
2-1: Foul Ball, location: 2F
2-2: Foul Ball, location: 2F
2-2: Fly out, F9 (Flyball, 89XD)
Batting: RHB Jordan Hollins 0-0: Called Strike
0-1: Ball
1-1: Foul Ball, location: 2F
1-2: Ball
2-2: Ball
3-2: Base on Balls
Batting: RHB Juan Salinas 0-0: Ball
1-0: Ball
2-0: Foul Ball, location: 2F
2-1: Foul Ball, location: 2F
2-2: Ball
3-2: Base on Balls
Jordan Hollins to second
Batting: SHB Jack MacAsgill 0-0: Ball
1-0: Called Strike
1-1: Foul Ball, location: 2F
1-2: Ball
2-2: Foul Ball, location: 2F
2-2: Ball
3-2: Foul Ball, location: 2F
3-2: Fielders Choice at 2nd, 4-6 (Groundball, 4)
Jordan Hollins to third
Batting: LHB Jesús Trevino 0-0: Called Strike
0-1: Ball
1-1: Ball
2-1: Ground out 5-3 (Groundball, 56)
Top of the 6th over - 0 runs, 0 hits, 0 errors, 2 left on base; Alloway 10 - Port Royal 4
BOTTOM OF THE 6TH
Port Royal Disaster batting - Pitching for Alloway Halberds : LHP Gilberto Ramírez
Batting: RHB Javier Martínez 0-0: Called Strike
0-1: Ball
1-1: Ball
2-1: Ball
3-1: Foul Ball, location: 2F
3-2: Strikes out swinging
Batting: LHB Sisto Pagnamenta 0-0: Ball
1-0: Called Strike
1-1: Ground out U3 (Groundball, 3)
Batting: RHB Winston Sparks 0-0: SINGLE (Line Drive, 6D)
Batting: RHB Nelson Abbey 0-0: Fielders Choice at 2nd, U6 (Groundball, 6M)
Bottom of the 6th over - 0 runs, 1 hit, 0 errors, 1 left on base; Alloway 10 - Port Royal 4
TOP OF THE 7TH
Alloway Halberds batting - Pitching for Port Royal Disaster : RHP Nam Yee Yong
Batting: RHB Octávio Beltzán 0-0: Ball
1-0: Swinging Strike
1-1: Fly out, F7 (Flyball, 7S)
Batting: RHB Jerry Yates 0-0: Ball
1-0: Fly out, F7 (Flyball, 7S)
Batting: RHB Lúcio López 0-0: Called Strike
0-1: Ball
1-1: Called Strike
1-2: Foul Ball, location: 2F
1-2: Foul Ball, location: 2F
1-2: Foul Ball, location: 2F
1-2: Fly out, F7 (Flyball, 7D)
Top of the 7th over - 0 runs, 0 hits, 0 errors, 0 left on base; Alloway 10 - Port Royal 4
BOTTOM OF THE 7TH
Port Royal Disaster batting - Pitching for Alloway Halberds : LHP Gilberto Ramírez
Batting: RHB Loren Stallings 0-0: Ball
1-0: Reached via error on a dropped throw, E1
Batting: RHB Wrangler Haresnape 0-0: Ball
1-0: Ball
2-0: Called Strike
2-1: Ball
3-1: Foul Ball, location: 2F
3-2: Foul Ball, location: 2F
3-2: Fielders Choice at 2nd, 6-4 (Groundball, 6)
Batting: RHB Sancho Tornero 0-0: Ball
1-0: Called Strike
1-1: Ball
2-1: Called Strike
2-2: Foul Ball, location: 2F
2-2: SINGLE (Line Drive, 56)
Wrangler Haresnape to second
Batting: LHB Ricky Payton 0-0: Ball
1-0: Called Strike
1-1: Ball
2-1: Ball
3-1: Base on Balls
Wrangler Haresnape to third
Sancho Tornero to second
Pitching: RHP Akihiko Rin
Batting: LHB Bob Daugherty 0-0: Called Strike
0-1: Grounds into double play, 4-6-3 (Groundball, 4D)
Bottom of the 7th over - 0 runs, 1 hit, 1 error, 2 left on base; Alloway 10 - Port Royal 4
TOP OF THE 8TH
Alloway Halberds batting - Pitching for Port Royal Disaster : RHP Nam Yee Yong
Batting: RHB Carlos De Jesús 0-0: Called Strike
0-1: Swinging Strike
0-2: Strikes out looking
Batting: RHB Vito Middendorf 0-0: Ground out 5-3 (Groundball, 56)
Batting: RHB Jordan Hollins 0-0: Called Strike
0-1: Foul Ball, location: 2F
0-2: Ball
1-2: SINGLE (Groundball, 4MD)
Batting: RHB Juan Salinas 0-0: Ball
Jordan Hollins is caught stealing 2nd base
Top of the 8th over - 0 runs, 1 hit, 0 errors, 0 left on base; Alloway 10 - Port Royal 4
BOTTOM OF THE 8TH
Port Royal Disaster batting - Pitching for Alloway Halberds : RHP Akihiko Rin
Now at 1B: Tracy Parker
Batting: RHB Javier Martínez 0-0: SINGLE (Line Drive, 9LS)
Batting: LHB Sisto Pagnamenta 0-0: Called Strike
0-1: Fly out, F8 (Flyball, 8RM)
Batting: RHB Winston Sparks 0-0: Called Strike
0-1: Ball
1-1: Foul Ball, location: 2F
1-2: Foul Ball, location: 2F
1-2: Strikes out swinging
Batting: RHB Nelson Abbey 0-0: Reaches on Catchers interference
Javier Martínez to second
Batting: RHB Loren Stallings 0-0: Ball
1-0: Foul Ball, location: 2F
1-1: Called Strike
1-2: Ball
2-2: Fielders Choice at 2nd, 6-4 (Groundball, 6)
Bottom of the 8th over - 0 runs, 1 hit, 1 error, 2 left on base; Alloway 10 - Port Royal 4
TOP OF THE 9TH
Alloway Halberds batting - Pitching for Port Royal Disaster : RHP Nam Yee Yong
Batting: RHB Juan Salinas 0-0: Foul Ball, location: 2F
0-1: Ball
1-1: SINGLE (Flyball, 3D)
Batting: SHB Jack MacAsgill 0-0: Ball
1-0: Foul Ball, location: 2F
1-1: Ball
2-1: Ball
3-1: Foul Ball, location: 2F
3-2: Base on Balls
Juan Salinas to second
Batting: LHB Jesús Trevino 0-0: Fielders Choice at 2nd, 3-6 (Groundball, 34)
Juan Salinas to third
Batting: RHB Octávio Beltzán 0-0: Ball
1-0: Foul Ball, location: 2F
1-1: Ball
2-1: Ball
3-1: Reached on error, E6 (Groundball, 6)
Juan Salinas scores
Jesús Trevino to second
Batting: RHB Jerry Yates 0-0: Called Strike
0-1: Foul Ball, location: 2F
0-2: Ball
1-2: Strikes out swinging
Pitching: RHP Omar Casteneda
Batting: RHB Tracy Parker 0-0: Ball
1-0: Ball
2-0: Called Strike
2-1: Swinging Strike
2-2: Foul Ball, location: 2F
2-2: Hit by Pitch
Jesús Trevino to third
Octávio Beltzán to second
Batting: RHB Carlos De Jesús 0-0: Called Strike
0-1: Called Strike
0-2: SINGLE (Line Drive, 78S)
Jesús Trevino scores
Octávio Beltzán to third
Tracy Parker to second
Batting: RHB Vito Middendorf 0-0: Fly out, F3 (Popup, 23F)
Top of the 9th over - 2 runs, 2 hits, 1 error, 3 left on base; Alloway 12 - Port Royal 4
BOTTOM OF THE 9TH
Port Royal Disaster batting - Pitching for Alloway Halberds : RHP Akihiko Rin
Now in LF: Rafael Delgado
Batting: RHB Wrangler Haresnape 0-0: Ball
1-0: Ball
2-0: Ball
3-0: Base on Balls
Batting: RHB Sancho Tornero 0-0: Ball
1-0: SINGLE (Flyball, 9LS)
Wrangler Haresnape to second
Batting: LHB Ricky Payton 0-0: Ball
1-0: Called Strike
1-1: Ball
2-1: Fielders Choice at 2nd, 4-6 (Groundball, 4)
Wrangler Haresnape to third
Batting: LHB Bob Daugherty 0-0: Ball
Wild Pitch!
Wrangler Haresnape scores
Ricky Payton to second
1-0: Ball
2-0: Ball
3-0: Called Strike
3-1: Swinging Strike
3-2: Foul Ball, location: 2F
3-2: Foul Ball, location: 2F
3-2: Fly out, F5 (Flyball, 5D)
Batting: RHB Javier Martínez 0-0: Ball
1-0: Swinging Strike
1-1: SINGLE (Groundball, 6MD)
Ricky Payton to third
Batting: LHB Sisto Pagnamenta 0-0: Called Strike
0-1: Ball
1-1: SINGLE (Groundball, 34D)
Ricky Payton scores
Javier Martínez to second
Batting: RHB Winston Sparks 0-0: Ball
1-0: Called Strike
1-1: Ball
2-1: Swinging Strike
2-2: Ball
3-2: SINGLE (Groundball, 56D)
Javier Martínez to third
Sisto Pagnamenta to second
Javier Martínez scores
Sisto Pagnamenta to third
Pitching: RHP Bryan Tuff
Batting: RHB Nelson Abbey 0-0: Ball
1-0: Ball
2-0: Called Strike
2-1: Swinging Strike
2-2: Ball
3-2: Strikes out looking
Bottom of the 9th over - 3 runs, 4 hits, 0 errors, 2 left on base; Alloway 12 - Port Royal 7
Sunday, March 18th, 2018 - OOTP Baseball 18.8 Build 76